 Dungeon Crawl Stone Soup version 0.31-a0-188-g5e087ee2ca (webtiles) character file.

Game seed: 14900795731563555328

28 qw the Shooter (level 2, -2/16 HPs)
             Began as a Deep Elf Hunter on June 22, 2023.
             Slain by a goblin
             ... wielding a +0 club
             ... led by Robin
              (4 damage)
             ... on level 2 of the Dungeon.
             The game lasted 00:00:14 (835 turns).

qw the Shooter (Deep Elf Hunter)                     Turns: 835, Time: 00:00:14

Health: -2/16      AC:  6    Str:  8    XL:     2   Next: 96%
Magic:  4/4        EV: 10    Int: 13    God:
Gold:   36         SH:  0    Dex: 18    Spells: 1/1 levels left

rFire   . . .        Y - +0 shortbow
rCold   . . .        (shield currently unavailable)
rNeg    . . .        d - +0 ring mail
rPois   .            h - +0 helmet
rElec   .            (no cloak)
rCorr   .            (no gloves)
SInv    .            (no boots)
Will    .....        (no amulet)
Stlth   +            (no ring)
HPRegen 0.22/turn    (no ring)
MPRegen 0.09/turn

%: no passive effects
@: no status effects
A: no striking features
a: no special abilities


You were on level 2 of the Dungeon.
You visited 1 branch of the dungeon, and saw 2 of its levels.

You collected 99 gold pieces.
You spent 63 gold pieces at shops.


   Skills:
 - Level 1.5 Fighting
 + Level 6.6 Ranged Weapons
 - Level 2.4 Dodging
 - Level 1.2 Stealth


You had one spell level left.
You didn't know any spells.
Your spell library was empty.

Inventory:

Hand Weapons
 Y - a +0 shortbow (weapon)
Armour
 d - a +0 ring mail (worn)
 h - a +0 helmet (worn)
Scrolls
 a - 3 scrolls of identify {unknown}
Potions
 e - a potion of magic {unknown}
 f - 2 potions of curing

Dungeon Overview and Level Annotations

Branches:
Dungeon (2/15)

Altars:

Shops:
D:1 [

Annotations:
D:2 Robin


Message History

The arrow hits the goblin.
The goblin is severely wounded.
You hear a shout!
Robin throws the goblin at you!
A goblin comes into view. It is wielding a +0 dagger.
The goblin hits you with a dagger.
You shoot an arrow. The arrow hits the goblin!
You kill the goblin!
Robin throws the goblin at you!
The goblin hits you but does no damage. x2
A goblin comes into view. It is wielding a +0 dagger.
A hobgoblin comes into view.
Robin roars a battlecry!
The goblins go into a battle-frenzy!
A goblin comes into view. It is wielding a +0 club.
The goblin hits you with a +0 dagger.
You shoot an arrow. The arrow hits the goblin!
You kill the goblin!
A goblin comes into view. It is wielding a +0 dagger.
The goblin hits you with a +0 club.
You shoot an arrow. The arrow closely misses the goblin.
The goblin hits you but does no damage.
A hobgoblin comes into view.
You shoot an arrow. The arrow hits the goblin!
You kill the goblin!
The goblin hits you with a +0 club.
You shoot an arrow. The arrow hits the goblin.
The goblin is heavily wounded.
Robin throws the goblin at you!
The goblin hits you but does no damage. x3
The goblin misses you. The goblin hits you but does no damage.
You shoot an arrow. The arrow closely misses the goblin.
The goblin barely misses you. The goblin hits you with a +0 dagger.
The goblin hits you with a +0 club. The goblin hits you but does no damage.
You shoot an arrow. The arrow hits the goblin.
You kill the goblin!
An endoplasm comes into view.
The goblin closely misses you. The goblin hits you but does no damage.
The goblin closely misses you.
You shoot an arrow. The arrow barely misses the goblin.
The goblin hits you with a +0 club.
You die... ..........## .....%.... ........# .......# gJg...# ggg.

#######g#####
##########.....)@g...#
....[............g...#
###.######...........#
....# #.:..........#
###.# #..............
#.# #...........###
#.# #...........# #.#
#...........# #.#
#...........#


You could see Robin, an endoplasm, 2 hobgoblins and 5 goblins.

Vanquished Creatures
  A dart slug (D:2)
  2 ball pythons (D:1)
  2 bats (D:1)
  An endoplasm (D:2)
  A giant cockroach (D:1)
  5 goblins
  2 hobgoblins (D:1)
  3 kobolds (D:1)
  A quokka (D:1)
  A frilled lizard (D:1)
  3 rats
22 creatures vanquished.

Notes
Turn   | Place    | Note
-------+----------+-------------------------------------------
     0 | D:1      | qw the Deep Elf Hunter began the quest for the Orb.
     0 | D:1      | Reached XP level 1. HP: 12/12 MP: 3/3
     0 | D:1      | 0 ||| qw: Version: 0.3-a-9-g12657ce
     0 | D:1      | 0 ||| qw: Game counter: 2981
     0 | D:1      | 0 ||| qw: Always use a shield: true
     0 | D:1      | 0 ||| qw: God list: Okawaru
     0 | D:1      | 0 ||| qw: Allow faded altars: false
     0 | D:1      | 0 ||| qw: Do Orc after D:15 true
     0 | D:1      | 0 ||| qw: Do second Lair branch before Depths: true
     0 | D:1      | 0 ||| qw: Lair rune preference: random
     0 | D:1      | 0 ||| qw: Plans: Normal
     0 | D:1      | 0 ||| PLANNING D:1-11
   263 | D:1      | Reached XP level 2. HP: 16/16 MP: 4/4
   299 | D:1      | Reached skill level 6 in Ranged Weapons
   469 | D:1      | Found Nekuref's Armour Emporium.
   479 | D:1      | 479 ||| BUYING +0 helmet (63 gold).
   479 | D:1      | Bought a +0 helmet for 63 gold pieces
   479 | D:1      | 479 ||| SHOPLISTING +1 ring mail "Vubro" {rPois rC- Will+
                  | rCorr} (341 gold, have 20).
   743 | D:1      | 743 ||| UPGRADING to +0 ring mail.
   753 | D:1      | 753 ||| DROPPING +0 leather armour.
   754 | D:1      | 754 ||| UPGRADING to +0 helmet.
   759 | D:1      | 759 ||| READING scroll labelled UTZIWOOBBI.
   760 | D:1      | 760 ||| DRINKING 3 sedimented grey potions.
   761 | D:1      | 761 ||| DROPPING scroll of butterflies.
   826 | D:2      | Noticed Robin
   833 | D:2      | HP: 2/16 [goblin/+0 club[Robin] (3)]
   835 | D:2      | Slain by a goblin

Levels and vault maps discovered:
D:1:      amcnicky_arrival_double_pillar, layout_loops_corners, serial_shops,
          nicolae_lakefront_shop
D:2:      layout_basic, minmay_3d_cube, uniq_robin, uniq_terence

Skill      XL: |  1  2 |
---------------+-------+-----
Ranged Weapons | 6 |  6.6
Fighting       | |  1.5
Dodging        | |  2.4
Stealth        | |  1.2

Action                     || total
---------------------------++-------
   Fire: Shortbow          ||    42
    Use: Scroll            ||     1
         Potion            ||     1
 Armour: Leather armour    ||     1
         Ring mail         ||    12
  Dodge: Dodged            ||     7

Table legend:
 A = Non-vault XP
 B = Vault XP
 C = Vault XP percentage of total XP
 D = Non-vault monster count
 E = Vault monster count
 F = Vault count percentage of total count
                 A         B        C        D         E       F
            +---------+---------+-------+---------+---------+-------
      Total |      33 |       7 |  17.5 |      18 |       4 |  18.2
            +---------+---------+-------+---------+---------+-------
        D:1 |      26 |       0 |   0.0 |      15 |       0 |   0.0
        D:2 |       7 |       7 |  50.0 |       3 |       4 |  57.1
            +---------+---------+-------+---------+---------+-------
